 Dungeon Crawl Stone Soup version 0.26.1-11-gd32895ea62 (webtiles) character file.

Game seed: 13873141201491887058

13474 Almogavar the Cruncher (level 11, -5/89 HPs)
             Began as a Demonspawn Gladiator on May 16, 2021.
             Was a High Priest of Okawaru.
             Slain by an ice devil (7 damage)
             ... in an ice cave.
             The game lasted 00:40:19 (14060 turns).

Almogavar the Cruncher (Demonspawn Gladiator)      Turns: 14060, Time: 00:40:20

Health: -5/89      AC: 24    Str: 21    XL:     11   Next: 76%
Magic:  0/13       EV: 21    Int: 10    God:    Okawaru [*****.]
Gold:   776        SH:  0    Dex: 14    Spells: 10/10 levels left

rFire    . . .     SeeInvis .   P - staff of cold
rCold    + . .     Faith    .   (no shield)
rNeg     . . .     Spirit   +   n - +3 scale mail
rPois    .         Reflect  .   c - +1 helmet
rElec    .         Harm     .   (no cloak)
rCorr    .         Rampage  .   Q - +0 pair of gloves {Str+3}
Will     .....                  O - +0 pair of boots {run}
Stlth    ++........             F - amulet of the acrobat
HPRegen  0.24/turn              E - +4 ring of protection
MPRegen  0.13/turn              r - +4 ring of evasion

@: heroism, studying Fighting, quick
A: hooves 1, thin metallic scales 2, spiny 1, magic shield
a: Renounce Religion, Heroism, Finesse


You were in an ice cave.
You worshipped Okawaru.
Okawaru was extremely pleased with you.
You visited 3 branches of the dungeon, and saw 14 of its levels.
You also visited: Ice Cave.

You collected 776 gold pieces.

Inventory:

Hand Weapons
 j - the cursed +0 hunting sling "Woateont" {freeze, Dex+2, unknown}
   (You found it on level 4 of the Dungeon)

   It causes projectiles fired from it to freeze those they strike, causing
   extra injury to most foes and up to half again as much damage against
   particularly susceptible opponents.
   They can also slow down cold-blooded creatures.
   It affects your dexterity (+2).
   It has a curse placed upon it.
 z - a +3 battleaxe
 L - the +3 mace of Ancient Evil {flame, rC++ Str+2 Int-2}
   (You found it on level 9 of the Dungeon)

   It has been specially enchanted to burn those struck by it, causing extra
   injury to most foes and up to half again as much damage against particularly
   susceptible opponents.
   It affects your strength (+2).
   It affects your intelligence (-2).
   It greatly protects you from cold.
Missiles
 d - 3 throwing nets
 i - 19 boomerangs (quivered)
 t - 2 silver boomerangs
 v - 2 silver javelins
 x - 176 stones
 M - 4 datura-tipped darts
Armour
 c - a +1 helmet (worn)
 n - a +3 scale mail (worn)
 O - a +0 pair of boots of running (worn)
 Q - a +0 pair of gloves of strength (worn)
Magical Staves
 P - an uncursed staff of cold (weapon)
Jewellery
 h - a +6 ring of dexterity
 r - a +4 ring of evasion (right hand)
 E - a +4 ring of protection (left hand)
 F - an amulet of the acrobat (around neck)
Wands
 b - a wand of flame (21)
 B - a wand of digging (2)
 D - a wand of iceblast (16)
Scrolls
 g - 2 scrolls of magic mapping
 l - 4 scrolls of teleportation
 m - a scroll of amnesia
 p - 6 scrolls of remove curse
 u - a scroll of fog
 C - 3 scrolls of enchant weapon {unknown}
 J - a scroll of acquirement {unknown}
 K - 2 scrolls of blinking {unknown}
Potions
 f - 4 potions of flight
 k - 4 potions of ambrosia
 o - a potion of heal wounds {unknown}
 s - 4 potions of curing
 A - 3 potions of might {unknown}
 G - 2 potions of haste {unknown}
 I - 2 potions of brilliance {unknown}
Books
 a - a manual of Fighting


   Skills:
 + Level 9.1(14.1) Fighting
 + Level 6.2(14.4) Maces & Flails
 + Level 10.9(16.5) Staves
 + Level 2.5(7.5) Throwing
 + Level 6.5(11.5) Armour
 + Level 6.4(11.4) Dodging
 + Level 2.9(7.9) Stealth
 + Level 3.8 Invocations


You had 10 spell levels left.
You didn't know any spells.
Your spell library was empty.

Dungeon Overview and Level Annotations

Branches:
Dungeon (12/15)            Temple (1/1) D:4            Lair (0/6) D:11
    Orc (1/2) D:12          IceCv (1/1)

Altars:
Ashenzari
Cheibriados
Dithmenos
Elyvilon
Fedhas
Gozag
Hepliaklqana
Kikubaaqudgha
Makhleb
Nemelex Xobeh
Okawaru
Ru
Sif Muna
Trog
Vehumet
Wu Jian
Xom
Yredelemnul
The Shining One

Shops:
D:7 }   D:10 }   D:12 (


Innate Abilities, Weirdness & Mutations

You have large cloven feet.
You are mostly covered in thin metallic scales. (AC +3)
You are partially covered in sharp spines.
When hurt, damage is shared between your health and your magic reserves.


Message History

The ice devil is almost dead.
The ice devil barely misses you. The ice devil hits you.
* * * LOW HITPOINT WARNING * * *
The ice devil freezes you. You resist.
* * * LOW HITPOINT WARNING * * *
Unknown command.
You closely miss the ice devil.
The ice devil is almost dead.
The ice devil is struck by your spines.
The ice devil hits you but does no damage.
Unknown command.
You hit the ice devil but do no damage.
The ice devil is almost dead.
The ice devil is struck by your spines.
You kill the ice devil!
Okawaru accepts your kill. The ice devil hits you.
* * * LOW HITPOINT WARNING * * *
The ice devil freezes you! You resist.
You die...

#°§####.○°4
##°...§.§☼
.......☼°
#......°## #..☼###
### ###...##
..###########...##
......§##°§)##.4.##
#....§§☼§§§.☼###@4#
####..##☼§§.§##...#
#...##°°○☼####..##
#...###.###...###
##....###☼§..##
##..§§§○°.###
###§☼§○### ######


You could see 2 ice devils.

Vanquished Creatures
  A catoblepas (D:10)
  A hydra (D:12)
  Erica (D:9)
  2 two-headed ogres
  An unseen horror (D:12)
  A manticore (D:10)
  An orc sorcerer (Orc:1)
  2 ugly things
  2 ice statues (IceCv)
  A kobold demonologist (D:10)
  2 ice devils (IceCv)
  A meliai zombie (D:10)
  Prince Ribbit (D:5)
  A slime creature (D:10)
  A vampire (D:11)
  A vampire mosquito (D:10)
  A steam dragon (D:10)
  A warg (Orc:1)
  A water moccasin (D:10)
  5 orc warriors
  A black bear (D:9)
  A sky beast (D:9)
  A hornet zombie (D:11)
  10 ice beasts
  A necrophage (D:10)
  A phantom (D:10)
  6 ogres
  3 centaurs
  Blork the orc (D:6)
  5 bullfrogs
  A scorpion (D:11)
  A water moccasin skeleton (D:4)
  3 killer bees (D:10)
  3 howler monkeys
  17 wights
  2 electric eels (D:12)
  A crimson imp (D:3)
  A centaur zombie (D:7)
  2 bullfrog zombies
  3 hounds
  A quasit (D:9)
  6 orc priests
  5 jellies
  10 orc wizards
  A bullfrog skeleton (D:10)
  3 iguanas
  16 worker ants
  A worker ant zombie (D:10)
  18 adders
  2 shadow imps
  7 white imps
  8 ufetubi
  An ooze (D:3)
  4 adder skeletons
  A worm (D:3)
  3 dart slugs
  2 leopard geckos
  47 orcs
  7 bats
  3 giant cockroaches
  3 goblins
  10 hobgoblins
  19 jackals
  6 quokkas
  4 frilled lizards
  A giant cockroach zombie (D:5)
  5 hobgoblin zombies (D:9)
  A jackal skeleton (D:4)
  A jackal zombie (D:7)
  4 kobolds
  A kobold skeleton (D:9)
  A kobold zombie (D:9)
  2 orc skeletons (D:9)
  An orc zombie (D:9)
  2 quokka skeletons
  3 rats
302 creatures vanquished.

Vanquished Creatures (others)
  A reaper (IceCv)
  6 white imps (IceCv)
  3 ufetubi (IceCv)
  An orc (Orc:1)
  31 plants (D:5)
42 creatures vanquished.

Grand Total: 344 creatures vanquished

Notes
Turn   | Place    | Note
-------+----------+-------------------------------------------
     0 | D:1      | Almogavar the Demonspawn Gladiator began the quest for the
                  | Orb.
     0 | D:1      | Reached XP level 1. HP: 16/16 MP: 1/1
   613 | D:1      | Reached skill level 3 in Staves
   613 | D:1      | Gained mutation: When hurt, damage is shared between your
                  | health and your magic reserves. [demonic ancestry]
   613 | D:1      | Reached XP level 2. HP: 22/22 MP: 2/2
  1208 | D:2      | Reached XP level 3. HP: 24/27 MP: 3/3
  1457 | D:2      | Found a faded altar of an unknown god.
  2001 | D:3      | Reached XP level 4. HP: 33/34 MP: 4/4
  2035 | D:3      | Found a sacrificial altar of Ru.
  2326 | D:3      | Found a bloodstained altar of Trog.
  2469 | D:3      | Reached skill level 4 in Staves
  2469 | D:3      | Reached skill level 1 in Armour
  2580 | D:3      | Found a shimmering altar of Xom.
  2580 | D:3      | Found a burning altar of Makhleb.
  2586 | D:3      | Gained mutation: You are partially covered in thin metallic
                  | scales. (AC +2) [demonic ancestry]
  2586 | D:3      | Reached XP level 5. HP: 36/39 MP: 5/5
  2873 | D:4      | Noticed an ogre
  2880 | D:4      | Killed an ogre
  2881 | D:4      | Found a staircase to the Ecumenical Temple.
  2883 | D:4      | Got a transparent hunting sling
  2978 | Temple   | Entered the Ecumenical Temple
  3005 | Temple   | Became a worshipper of Warmaster Okawaru
  3080 | D:4      | Found a shimmering altar of Xom.
  3102 | D:4      | Found a sparkling altar of Nemelex Xobeh.
  3191 | D:4      | Reached XP level 6. HP: 37/46 MP: 4/6
  3309 | D:4      | Reached skill level 5 in Staves
  3618 | D:5      | Entered Level 5 of the Dungeon
  3655 | D:4      | Reached skill level 1 in Stealth
  3836 | D:5      | Gained mutation: You are mostly covered in thin metallic
                  | scales. (AC +3) [demonic ancestry]
  3836 | D:5      | Reached XP level 7. HP: 52/52 MP: 7/7
  3857 | D:5      | Reached * piety under Okawaru
  3858 | D:5      | Reached skill level 6 in Staves
  4035 | D:5      | Found an opulent altar of Gozag.
  4322 | D:5      | Noticed Prince Ribbit
  4462 | D:5      | Found a white marble altar of Elyvilon.
  4708 | D:5      | Killed Prince Ribbit
  4709 | D:5      | Reached XP level 8. HP: 27/60 MP: 4/8
  5099 | D:6      | Noticed Blork the orc
  5119 | D:6      | Killed Blork the orc
  5119 | D:6      | Reached ** piety under Okawaru
  5120 | D:6      | Reached skill level 7 in Staves
  5494 | D:6      | Reached skill level 1 in Invocations
  5495 | D:6      | Found a shadowy altar of Dithmenos.
  5917 | D:6      | Found a burning altar of Makhleb.
  6008 | D:6      | Reached skill level 5 in Fighting
  6668 | D:7      | Found Toyn's Gadget Shop.
  7069 | D:8      | Reached skill level 8 in Staves
  7137 | D:8      | Gained mutation: You are partially covered in sharp spines.
                  | [demonic ancestry]
  7137 | D:8      | Reached XP level 9. HP: 68/68 MP: 10/10
  7146 | D:8      | Found a blossoming altar of Fedhas.
  7784 | D:8      | You fall into a shaft and drop 3 floors!
  7895 | D:11     | Reached *** piety under Okawaru
  7907 | D:11     | Found a staircase to the Lair.
  8169 | D:11     | Noticed a green ugly thing
  8179 | D:11     | Killed a green ugly thing
  8180 | D:11     | Reached skill level 9 in Staves
  8425 | D:11     | Reached **** piety under Okawaru
  8762 | D:10     | Entered Level 10 of the Dungeon
  8787 | D:10     | Noticed a catoblepas
  8907 | D:10     | Killed a catoblepas
  8908 | D:10     | Reached skill level 10 in Staves
  8908 | D:10     | Reached XP level 10. HP: 18/79 MP: 0/12
  9197 | D:9      | Found a basalt altar of Yredelemnul.
  9210 | D:9      | Received a gift from Okawaru
  9251 | D:9      | Found an ancient bone altar of Kikubaaqudgha.
  9257 | D:9      | Found a glowing golden altar of the Shining One.
  9257 | D:9      | Found a white marble altar of Elyvilon.
  9409 | D:9      | Noticed Erica
  9425 | D:9      | Killed Erica
  9520 | D:9      | Got an ichor-stained mace
  9659 | D:8      | Identified the +3 mace of Ancient Evil {flame, rC++ Str+2
                  | Int-2} (You found it on level 9 of the Dungeon)
  9866 | D:9      | Found a shimmering blue altar of Sif Muna.
 10153 | D:10     | Reached ***** piety under Okawaru
 10154 | D:10     | Reached skill level 5 in Armour
 10160 | D:10     | Reached skill level 5 in Dodging
 10376 | D:10     | Found Minwixocs's Gadget Boutique.
 10470 | D:10     | Received a gift from Okawaru
 10479 | D:10     | Identified a +0 pair of boots of running (Okawaru gifted it
                  | to you on level 10 of the Dungeon)
 10617 | D:10     | Noticed a manticore
 10633 | D:10     | Killed a manticore
 10634 | D:10     | Reached skill level 1 in Maces & Flails
 10923 | D:10     | Noticed a two-headed ogre
 10937 | D:10     | Killed a two-headed ogre
 10938 | D:10     | Gained mutation: You have large cloven feet. [demonic
                  | ancestry]
 10938 | D:10     | Reached XP level 11. HP: 66/86 MP: 8/13
 11449 | D:12     | Noticed a red ugly thing
 11462 | D:12     | Killed a red ugly thing
 11583 | D:12     | Noticed a four-headed hydra
 11594 | D:12     | Killed a four-headed hydra
 11710 | D:12     | Killed an unseen horror
 12027 | D:12     | Noticed a two-headed ogre
 12036 | D:12     | Killed a two-headed ogre
 12076 | D:12     | Found a staircase to the Orcish Mines.
 12140 | D:12     | Found Toef's Antique Weapon Shop.
 12302 | Orc:1    | Entered Level 1 of the Orcish Mines
 12327 | Orc:1    | Reached skill level 5 in Maces & Flails
 12400 | Orc:1    | Noticed an orc sorcerer
 12422 | Orc:1    | Killed an orc sorcerer
 12468 | Orc:1    | Found a frozen archway.
 12519 | IceCv    | Entered an ice cave
 13400 | IceCv    | Killed a reaper
 14060 | IceCv    | HP: 2/89 [ice devil (3)]
 14060 | IceCv    | Slain by an ice devil

Illustrated notes

Levels and vault maps discovered:
D:1:      dpeg_arrival_solitude, layout_loops_corners
D:2:      layout_basic, chequers_ecumenical_altar_simple_redux
D:3:      layout_loops_ring, grunt_temple_overflow_champion_of_chaos,
          nicolae_ru_sacrificial_ziggurat, bloody_trog
D:4:      minmay_chambers_of_fours, layout_rooms,
          nicolae_overflow_crystal_walls, minmay_temple_entry_mini_moons,
          xom_teletrap_fun
D:5:      layout_basic, serial_bayou, serial_bayou_ford_a,
          serial_bayou_lagoon_b, serial_bayou_pond_a, serial_bayou_lagoon_a,
          basic_altar, elyvilon_altar_1, uniq_prince_ribbit1
D:6:      layout_gridville, basic_altar, nicolae_dithmenos_shadow_blocks,
          uniq_blork_the_orc
D:7:      layout_basic, serial_shops, shop
D:8:      layout_basic, lemuel_round_altar
D:9:      layout_basic, grunt_temple_overflow_open,
          nicolae_tso_besieged_by_evil, serial_aquarium, aquarium_bridge_square
          [aquarium_subvault_bridge, aquarium_subvault_wall,
          aquarium_subvault_window, aquarium_subvault_balcony],
          aquarium_bridge_square [aquarium_subvault_bridge,
          aquarium_subvault_wall, aquarium_subvault_bridge,
          aquarium_subvault_bridge], aquarium_window_1, aquarium_window_fake,
          aquarium_window_1, aquarium_view_2b, aquarium_view_2b,
          aquarium_balcony_3a, basic_altar, uniq_erica
D:10:     minmay_tri_box, layout_loops_cross, serial_shops, shop
D:11:     layout_gridville, lair_entry_dummy
D:12:     layout_basic, david_orc_2, serial_shops, shop
Temple:   nicolae_temple_hex_pool
Orc:1:    layout_diamond_mine, portal_ice_cave_entry_ice_beasts, basic_altar
IceCv:    ice_cave_small_demon

Skill      XL: |  1  2  3  4  5  6  7  8  9 10 11 |
---------------+----------------------------------+-----
Staves         | 3 4 5 6 8 10 | 10.9
Dodging        | 3 4 5 6 |  6.4
Armour         | 1 2 3 4 5 6 |  6.5
Fighting       | 3 5 7 9 |  9.1
Stealth        | 1 2 |  2.9
Throwing       | 2 |  2.5
Invocations    | 2 3 |  3.8
Maces & Flails | 2 6 |  6.2

Action                   |  1- 3 |  4- 6 |  7- 9 | 10-12 || total
-------------------------+-------+-------+-------+-------++-------
Melee: Quarterstaff      |    99 |   190 |   491 |    73 ||   853
       Mace              |       |       |       |   270 ||   270
       Punch             |       |       |       |     4 ||     4
       Staff             |       |       |       |   184 ||   184
Throw: Boomerang         |       |       |     3 |    11 ||    14
Invok: Heroism           |       |       |     9 |     9 ||    18
Evoke: Wand              |       |       |       |     1 ||     1
  Use: Scroll            |     5 |     3 |     8 |     2 ||    18
       Potion            |       |       |     2 |     4 ||     6
 Stab: Sleeping          |     2 |       |       |       ||     2
       Petrified         |       |       |     3 |       ||     3
Armor: Leather armour    |    25 |       |       |       ||    25
       Scale mail        |    15 |    79 |   149 |   183 ||   426
Dodge: Dodged            |    80 |   157 |   325 |   426 ||   988
